 Dungeon Crawl Stone Soup version 0.30-a0-116-g3b1a8e4ee4 (webtiles) character file.

Game seed: 4317753057084687963

11 frimble the Vexing (level 2, -1/21 HPs)
             Began as a Demonspawn Hexslinger on Sept 13, 2022.
             Slain by a jackal (2 damage)
             ... on level 1 of the Dungeon.
             The game lasted 00:00:28 (460 turns).

frimble the Vexing (Demonspawn Hexslinger)           Turns: 460, Time: 00:00:28

Health: -1/21      AC:  2    Str: 10    XL:     2   Next: 17%
Magic:  2/3        EV: 12    Int: 14    God:
Gold:   35         SH:  0    Dex: 13    Spells: 2/3 levels left

rFire   . . .      SeeInvis .    a - +1 sling
rCold   . . .      Faith    .    (no shield)
rNeg    . . .      Spirit   .    c - +0 robe
rPois   .          Reflect  .    (no helmet)
rElec   .          Harm     .    (no cloak)
rCorr   .          Rampage  .    (no gloves)
Will    .....                    (no boots)
Stlth   +.........               (no amulet)
HPRegen 0.07/turn                (no ring)
MPRegen 0.08/turn                (no ring)

@: no status effects
A: ignite blood 1
a: no special abilities


You were on level 1 of the Dungeon.
You visited 1 branch of the dungeon, and saw 1 of its levels.

You collected 35 gold pieces.

Inventory:

Hand Weapons
 a - a +1 sling (weapon)
Armour
 c - a +0 robe (worn)
Scrolls
 b - a scroll of poison
 d - 3 scrolls of teleportation {unknown}


   Skills:
 + Level 1.2 Fighting
 + Level 2.0 Ranged Weapons
 + Level 2.0 Dodging
 + Level 1.2 Spellcasting
 + Level 3.1 Hexes


You had 2 spell levels left.
You knew the following spells:

 Your Spells              Type           Power      Damage    Failure   Level
a - Slow                  Hex            36%        N/A       7%          1

Your spell library contained the following spells:

 Spells                   Type           Power      Damage    Failure   Level
 Inner Flame              Hex/Fire       5%         N/A       38%         3
 Portal Projectile        Hex/Tloc       10%        N/A       38%         3
 Cause Fear               Hex            4%         N/A       56%         4


Dungeon Overview and Level Annotations

Branches:
Dungeon (1/15)

Altars:

Shops:
D:1 [


Innate Abilities, Weirdness & Mutations

Your demonic aura sometimes causes spilled blood to erupt in flames.


Message History

You shoot a sling bullet.
The sling bullet barely misses the jackal.
The sling bullet barely misses the jackal.
The sling bullet misses the jackal.
The jackal bites you. The jackal closely misses you.
Fire: a) +1 sling
Press: ? - help, Q - select action, (/) - cycle Shift-Dir - straight line, f/p - jackal
Aim: a jackal (lightly wounded, 47% to hit)
You shoot a sling bullet.
The sling bullet closely misses the jackal.
The sling bullet closely misses the jackal.
The sling bullet hits the jackal.
The jackal is moderately wounded.
The jackal bites you.
* * * LOW HITPOINT WARNING * * *
The jackal barely misses you.
Fire: a) +1 sling
Press: ? - help, Q - select action, (/) - cycle Shift-Dir - straight line, f/p - jackal
Aim: a jackal (lightly wounded, 47% to hit)
You shoot a sling bullet. The sling bullet hits the jackal.
The jackal is almost dead.
The jackal bites you.
* * * LOW HITPOINT WARNING * * *
You aren't carrying any potions.
Unknown command.
You aren't carrying any potions.
You aren't carrying any items that you can evoke.
Casting: Slow (safe; 7% risk of failure)
Confirm with . or Enter, or press ? or * to list all spells.
Okay, then.
The jackal bites you.
* * * LOW HITPOINT WARNING * * *
The jackal barely misses you.
Casting: Slow (safe; 7% risk of failure)
Confirm with . or Enter, or press ? or * to list all spells.
Aiming: Slow (safe; 7% risk of failure)
Press: ? - help, Shift-Dir - straight line, f/p - jackal
Aim: a jackal (almost dead, chance to affect: 64%)
The jackal seems to slow down.
The jackal bites you.
You die...

... ... # ... #.#.######
#.#.#.... #..h..# #h# #h#
#@# #.# ####.#####
###########.....>..#########
#..†...........###.##......#
#.###..##.#.##.###.#...###.#
#.####'##.#.#..........# #.#
#...(+∩'..#........#...# #.#
#.####+#..###...######## #.#


You could see 3 jackals.

Vanquished Creatures
  2 ball pythons (D:1)
  An endoplasm (D:1)
  A goblin (D:1)
  A hobgoblin (D:1)
  A jackal (D:1)
  A quokka (D:1)
  2 bats (D:1)
  2 rats (D:1)
11 creatures vanquished.

Notes
Turn   | Place    | Note
-------+----------+-------------------------------------------
     0 | D:1      | frimble the Demonspawn Hexslinger began the quest for the
                  | Orb.
     0 | D:1      | Reached XP level 1. HP: 15/15 MP: 2/2
   141 | D:1      | Found Cosim's Antique Armour Shop.
   330 | D:1      | Gained mutation: Your demonic aura sometimes causes spilled
                  | blood to erupt in flames. [demonic ancestry]
   330 | D:1      | Reached XP level 2. HP: 21/21 MP: 3/3
   459 | D:1      | HP: 1/21 [jackal (1)]
   460 | D:1      | Slain by a jackal

Illustrated notes

Levels and vault maps discovered:
D:1:      lightli_arrival_flooded_house, layout_loops_corners, serial_shops,
          nicolae_shop_behind_doors, hellmonk_ecumenical_altar_blasted

Skill      XL: |  1  2 |
---------------+-------+-----
Dodging        | 2 |  2.0
Ranged Weapons | 2 |  2.0
Fighting       | |  1.2
Spellcasting   | |  1.2
Hexes          | |  3.1

Action                   || total
-------------------------++-------
 Fire: Sling             ||    40
 Cast: Slow              ||     2
Armor: Robe              ||     7
Dodge: Dodged            ||    23

Table legend: (Time is in decaauts)
 A = Elapsed time spent in this place.
 B = Non-inter-level travel time spent in this place.
 C = Inter-level travel time spent in this place.
 D = Time resting spent in this place.
 E = Time spent auto-exploring this place.
 F = Levels seen in this place.
 G = Mean time per level.
                   A        B        C        D        E       F      G
               +--------+--------+--------+--------+--------+-----+--------+
         Total |    472 |    472 |      0 |      0 |    399 |   1 |  472.0 |
       Dungeon |    472 |    472 |      0 |      0 |    399 |   1 |  472.0 |
               +--------+--------+--------+--------+--------+-----+--------+

Top non-repeatable levels by time:
     D:1: 472 daAuts
